 Dungeon Crawl Stone Soup version 0.24.0-123-gd5b16e6ec5 (webtiles) character file.

Game seed: 5105527967478470817, levelgen mode: deterministic

33 AuftragZ the Skirmisher (level 3, -1/29 HPs)
             Began as a Demonspawn Berserker on Jan 21, 2020.
             Was a Follower of Trog.
             Killed from afar by an orc wizard (6 damage)
             ... with a magic dart
             ... on level 3 of the Dungeon.
             The game lasted 00:08:06 (802 turns).

AuftragZ the Skirmisher (Demonspawn Berserker)       Turns: 802, Time: 00:08:07

Health: -1/29      AC:  3    Str: 18    XL:     3   Next: 12%
Magic:  3/3        EV: 12    Int:  8    God:    Trog [*.....]
Gold:   69         SH:  0    Dex: 12    Spells: 2/2 levels left

rFire    . . .     SeeInvis .   (no weapon)
rCold    . . .     Gourm    .   (no shield)
rNeg     . . .     Faith    .   d - +1 robe
rPois    .         Spirit   .   (no helmet)
rElec    +         Reflect  .   (no cloak)
rCorr    .         Harm     .   (no gloves)
MR       .....                  (no boots)
Stlth    +.........             (no amulet)
HPRegen  0.09/turn              (no ring)
MPRegen  0.08/turn              (no ring)

@: no status effects
A: claws 1, electricity resistance, wild magic 1
a: Berserk, Renounce Religion


You were on level 3 of the Dungeon.
You worshipped Trog.
Trog was aware of your devotion.
You were not hungry.

You visited 1 branch of the dungeon, and saw 3 of its levels.

You collected 69 gold pieces.

Inventory:

Hand Weapons
 a - a +0 hand axe
Missiles
 e - 11 poisoned darts (quivered)
 g - 8 atropa-tipped darts
Armour
 b - a +0 animal skin
 d - a +1 robe (worn)
Comestibles
 c - 4 rations
 f - 2 chunks of flesh


   Skills:
 + Level 3.2 Fighting
 + Level 3.2 Axes
 + Level 1.8 Armour
 + Level 2.3 Dodging
 + Level 0.3 Stealth
 + Level 0.1 Unarmed Combat


You had 2 spell levels left.
You didn't know any spells.
Your spell library was empty.

Dungeon Overview and Level Annotations

Branches:
Dungeon (3/15)

Altars:


Innate Abilities, Weirdness & Mutations

You have sharp fingernails.
You are resistant to electric shocks. (rElec)
Your spells are a little harder to cast, but a little more powerful.


Message History

The orc wizard hits you with a +0 dagger.
You barely miss the orc wizard.
The orc wizard is moderately wounded.
The orc wizard hits you with a +0 dagger.
Some of the chunks of flesh in your inventory have rotted away.
You scratch the orc wizard.
The orc wizard is moderately wounded.
The orc wizard barely misses you.
You closely miss the orc wizard.
The orc wizard is moderately wounded.
The orc wizard hits you with a +0 dagger.
You scratch the orc wizard.
The orc wizard is heavily wounded.
The orc wizard hits you with a +0 dagger.
* * * LOW HITPOINT WARNING * * *
You scratch the orc wizard.
The orc wizard is heavily wounded.
The orc wizard casts a spell at you. The magic dart hits you.
You die...

....## .......##
... ..........+
..##.#......#
..# ......(# #
###.# #....#
#.#.(.###<...#
#.....†......#
...#.#.....>#.#
#.o@.......#
.....(..########
###.#(..# #
#...# #...#
##..# ...# ##.#


You could see an orc wizard.

Vanquished Creatures
  An adder (D:2)
  An ooze (D:2)
  A dart slug (D:3)
  A giant cockroach (D:2)
  3 hobgoblins (D:2)
  A kobold (D:2)
  4 bats
  A frilled lizard (D:2)
  3 goblins
  4 rats
20 creatures vanquished.

Notes
Turn   | Place    | Note
-------+----------+-------------------------------------------
     0 | D:1      | AuftragZ the Demonspawn Berserker began the quest for the
                  | Orb.
     0 | D:1      | Reached XP level 1. HP: 18/18 MP: 1/1
    51 | D:1      | Gained mutation: You are resistant to electric shocks.
                  | (rElec) [potion of mutation]
    51 | D:1      | Gained mutation: Your spells are a little harder to cast,
                  | but a little more powerful. [potion of mutation]
   276 | D:2      | Gained mutation: You have sharp fingernails. [demonic
                  | ancestry]
   276 | D:2      | Reached XP level 2. HP: 24/24 MP: 2/2
   636 | D:2      | Reached XP level 3. HP: 8/29 MP: 3/3
   802 | D:3      | Killed from afar by an orc wizard

Levels and vault maps discovered:
D:1:      matt_arrival_diagonals, layout_rooms
D:2:      minmay_chambers_of_twos, layout_basic,
          nicolae_dithmenos_through_a_glass_darkly, serial_bayou_ford_a
D:3:      layout_basic, lemuel_crystal_altar

Skill      XL: |  1  2 |
---------------+-------+-----
Dodging        | 2 |  2.3
Axes           | 3 |  3.2
Fighting       | |  3.2
Armour         | |  1.8
Stealth        | |  0.3
Unarmed Combat | |  0.1

Action                   || total
-------------------------++-------
Melee: Hand axe          ||    17
       Unarmed           ||    38
Throw: Dart              ||     8
  Use: Potion            ||     3
       Scroll            ||     1
 Stab: Sleeping          ||     1
Armor: Robe              ||    21
Dodge: Dodged            ||    58
